 Dungeon Crawl Stone Soup version 0.30.1 (webtiles) character file.

Game seed: 10334592586552759817

1153 AIAndy the Trooper (level 8, -1/87 HPs)
             Began as a Troll Chaos Knight on July 5, 2023.
             Was a Plaything of Xom.
             Slain by an orc warrior
             ... wielding a +0 glaive
              (9 damage)
             ... on level 6 of the Dungeon.
             The game lasted 00:16:52 (3845 turns).

AIAndy the Trooper (Troll Chaos Knight)             Turns: 3845, Time: 00:16:53

Health: -1/87      AC:  6    Str: 33    XL:     8   Next: 16%
Magic:  7/7        EV:  9    Int:  5    God:    Xom [..*...]
Gold:   287        SH:  6    Dex: 12    Spells: 7/7 levels left

rFire   + + .        r - +5 short sword of Howling Disembowelment {chaos, rElec rF+ Dex+4 Stlth+}
rCold   . . .        u - +0 kite shield
rNeg    . . .        a - +2 robe
rPois   .            (helmet restricted)
rElec   +            (no cloak)
rCorr   .            (gloves unavailable)
SInv    .            (boots unavailable)
Will    .....        (no amulet)
Stlth   ++           h - ring of protection from fire
HPRegen 1.14/turn    F - +6 ring of strength
MPRegen 0.10/turn

%: no passive effects
@: no status effects
A: large, unfitting armour, claws 3, regeneration 1, shaggy fur 1, tough skin 1,
dopey 1, strong 1
a: Renounce Religion


You were on level 6 of the Dungeon.
You worshipped Xom.
You were a toy of Xom.
You visited 1 branch of the dungeon, and saw 6 of its levels.

You collected 287 gold pieces.

Inventory:

Hand Weapons
 r - the +5 short sword of Howling Disembowelment (weapon) {chaos, rElec rF+ Dex+4 Stlth+}
   (Xom gifted it to you on level 3 of the Dungeon)

   Dex:       It affects your dexterity (+4).
   rF:        It protects you from fire.
   rElec:     It insulates you from electricity.
   Stlth:     It makes you more stealthy.
Missiles
 j - 7 poisoned darts (quivered)
 m - 8 javelins
Armour
 a - a +2 robe (worn)
 u - a +0 kite shield (worn)
 E - an orb of mayhem
Magical Staves
 g - a staff of air
 l - a staff of fire
Jewellery
 h - a ring of protection from fire (left claw)
 F - a +6 ring of strength (right claw)
 I - a ring of poison resistance
Wands
 w - a wand of polymorph (12)
 y - a wand of light (2)
 A - a wand of roots (10)
Scrolls
 c - 3 scrolls of blinking {unknown}
 d - 4 scrolls of teleportation {unknown}
 e - 5 scrolls of identify {unknown}
 p - 3 scrolls of vulnerability {unknown}
 q - a scroll of enchant armour {unknown}
 v - 4 scrolls of enchant weapon {unknown}
 C - a scroll of silence {unknown}
 D - a scroll of magic mapping {unknown}
 G - a scroll of noise {unknown}
 J - a scroll of immolation {unknown}
Potions
 f - a potion of cancellation {unknown}
 i - 2 potions of flight
 k - a potion of brilliance {unknown}
 n - a potion of berserk rage {unknown}
 o - a potion of lignification {unknown}
 s - 2 potions of mutation {unknown}
 t - 2 potions of attraction
 x - 2 potions of curing
 z - a potion of resistance {unknown}
 B - a potion of degeneration {unknown}
 H - a potion of haste {unknown}
Miscellaneous
 b - a piece from Xom's chessboard (11/15)


   Skills:
 + Level 7.4 Fighting
 + Level 1.2 Short Blades
 - Level 1.9 Dodging
 - Level 5.5 Unarmed Combat


You had 7 spell levels left.
You didn't know any spells.
Your spell library contained the following spells:

 Spells                   Type           Power      Damage    Failure   Level
 Static Discharge         Conj/Air       0%         2-2/arc   83%         2
 Stone Arrow              Conj/Erth      0%         3d7       97%         3
 Airstrike                Air            0%         2d(0-16)  100%        4
 Animate Armour           Summ/Erth      0%         N/A       100%        4
 Summon Lightning Spire   Summ/Air       0%         N/A       100%        4
 Lehudib's Crystal Spear  Conj/Erth      0%         10d2      100%        8


Dungeon Overview and Level Annotations

Branches:
Dungeon (6/15)
 Temple: D:4-7

Altars:
Cheibriados
Elyvilon
Gozag
Hepliaklqana
Okawaru
Sif Muna
Trog
Uskayaw
Vehumet
Wu Jian

Shops:
D:5 :

Annotations:
D:6 1 transporter


Innate Abilities, Weirdness & Mutations

You are too large for most types of armour.
You have claws for hands.
Your natural rate of healing is unusually fast.
You are covered in fur. (AC +1)
You have tough skin. (AC +1)
You are dopey. (Int -2)
Your muscles are strong. (Str +4, Int/Dex -1)


Message History

The shadow imp is moderately wounded.
The orc priest hits itself with a +0 whip!
The shadow imp gestures at you. Pain shoots through your body!
The orc wizard shouts!
You hit the shadow imp.
The shadow imp convulses.
The shadow imp is severely wounded.
You hear an angry hiss.
The shadow imp hits you.
You hit the shadow imp.
You kill the shadow imp!
An adder comes into view.
The adder hisses angrily.
You hit the orc warrior but do no damage.
The orc priest barely misses the orc.
The orc priest hits itself with a +0 whip.
The orc wizard casts a spell.
The orc wizard flickers and vanishes!
Deactivating autopickup; reactivate with Ctrl-A.
The orc warrior unwields a +0 arbalest.
The orc warrior wields a +0 glaive.
The orc warrior hits you with a +0 glaive!
You hit the orc warrior but do no damage.
The orc priest seems less confused.
The orc warrior hits you with a +0 glaive!
You hit the orc warrior.
You feel better.
The orc warrior is lightly wounded.
A scorpion comes into view.
The orc priest calls down the wrath of Beogh upon you.
Beogh smites you! The orc warrior barely misses you.
You make a move on Xom's chessboard...
The orc flickers and vanishes!
The orc warrior hits you with a +0 glaive.
You make a move on Xom's chessboard...
The scorpion falls asleep!
The orc priest looks encouraged for a moment.
The orc warrior hits you with a +0 glaive!!
* * * LOW HITPOINT WARNING * * *
A shower of butterflies erupts from you!
You swap places.
The orc warrior hits you from afar with a +0 glaive!
You die...
Xom titters!

#.# ###### #.# .# .....#
#.###### .. .. ####.#
#......# .# . . #.#
######.########.# .#.l #.#
#........... ..... #.#
#..#....>..##....$ #.#
#...b#####.#...#.. #.#
#....@booo.l......
###.#######...######s#...#.
#...........b## #)# ##
#.#.########.#


#oo #.#.# ..# #Woo #.#.# #>. !.... ##.#.# #. ###.## ...#.# .. ####.# ... You
could see an orc warrior (ally target), a scorpion (asleep), an iguana, an orc
priest and an orc.

Vanquished Creatures
  A black bear (D:5)
  4 phantoms
  A scorpion (D:3)
  A howler monkey (D:6)
  3 hounds
  5 orc priests
  A sleepcap (D:4)
  2 iguanas
  3 orc wizards (D:5)
  3 adders
  A shadow imp (D:6)
  A white imp (D:4)
  4 dart slugs
  4 worms
  36 orcs
  11 bats
  3 endoplasms
  2 giant cockroaches
  A goblin (D:3)
  7 hobgoblins
  A jackal (D:3)
  8 kobolds
  A quokka (D:2)
  7 ball pythons
  2 frilled lizards (D:1)
  4 rats
117 creatures vanquished.

Vanquished Creatures (collateral kills)
  An ogre (D:5)
1 creature vanquished.

Vanquished Creatures (others)
  An orc (D:5)
1 creature vanquished.

Grand Total: 119 creatures vanquished

Notes
Turn   | Place    | Note
-------+----------+-------------------------------------------
     0 | D:1      | AIAndy the Troll Chaos Knight began the quest for the Orb.
     0 | D:1      | Reached XP level 1. HP: 22/22 MP: 0/0
   259 | D:1      | XOM: potion effect (might)
   263 | D:1      | Reached XP level 2. HP: 29/29 MP: 1/1
   421 | D:1      | XOM: polymorph rat -> frilled lizard
   577 | D:2      | XOM: divination: magic mapping
   580 | D:2      | Found a faded altar of an unknown god.
   771 | D:2      | Reached XP level 3. HP: 36/36 MP: 2/2
  1045 | D:3      | Noticed a scorpion
  1053 | D:3      | Killed a scorpion
  1054 | D:3      | Reached skill level 5 in Unarmed Combat
  1054 | D:3      | Reached XP level 4. HP: 20/44 MP: 3/3
  1067 | D:3      | Identified the +5 short sword of Howling Disembowelment
                  | {flame, rElec rF+ Dex+4 Stlth+} (Xom gifted it to you on
                  | level 3 of the Dungeon)
  1067 | D:3      | XOM: god gift: +5 short sword of Howling Disembowelment
                  | {chaos, rElec rF+ Dex+4 Stlth+}
  1135 | D:3      | Reached XP level 5. HP: 52/52 MP: 4/4
  1200 | D:3      | Found a white marble altar of Elyvilon.
  1265 | D:3      | Noticed a phantom
  1281 | D:3      | Killed a phantom
  1282 | D:3      | Reached skill level 3 in Fighting
  1449 | D:3      | Found a hide-covered altar of Uskayaw.
  1690 | D:3      | Reached skill level 4 in Fighting
  1810 | D:3      | Found a radiant altar of Vehumet.
  2086 | D:4      | Reached XP level 6. HP: 62/62 MP: 5/5
  2113 | D:4      | Found a large runed translucent door.
  2113 | D:4      | Found a large runed translucent door.
  2129 | D:4      | XOM: stat loss: -1 Dex (12/13)
  2188 | D:4      | XOM: chaos cloud
  2402 | D:4      | XOM: give mutations
  2402 | D:4      | Gained mutation: Your muscles are strong. (Str +4, Int/Dex
                  | -1) [Xom's mischief]
  2402 | D:4      | Gained mutation: You are dopey. (Int -2) [Xom's mischief]
  2581 | D:4      | Found an iron altar of Okawaru.
  2589 | D:4      | Reached skill level 5 in Fighting
  2734 | D:4      | XOM: summons 4 hostile shadow creatures
  2826 | D:4      | Found a snail-covered altar of Cheibriados.
  2829 | D:4      | Found an opulent altar of Gozag.
  2845 | D:5      | Entered Level 5 of the Dungeon
  2887 | D:5      | XOM: enchant monster (bad)
  2899 | D:5      | Reached XP level 7. HP: 52/72 MP: 6/6
  2958 | D:5      | XOM: enchant monster (bad)
  3015 | D:5      | Reached skill level 6 in Fighting
  3017 | D:5      | XOM: potion effect (might)
  3121 | D:5      | XOM: summons friendly white imp
  3249 | D:5      | Found a bloodstained altar of Trog.
  3328 | D:5      | Reached skill level 7 in Fighting
  3331 | D:5      | Reached XP level 8. HP: 79/87 MP: 7/7
  3401 | D:5      | XOM: smoke on damage
  3428 | D:5      | Found Ewnaogg's Self-Improvement Boutique.
  3577 | D:5      | Found an ornate altar of the Wu Jian Council.
  3627 | D:6      | Found a shimmering blue altar of Sif Muna.
  3628 | D:6      | Found a hazy altar of Hepliaklqana.
  3634 | D:6      | Found a transporter.
  3690 | D:6      | Reached skill level 1 in Short Blades
  3832 | D:6      | XOM: silly message
  3844 | D:6      | XOM: butterfly on damage
  3845 | D:6      | Slain by an orc warrior

Illustrated notes

Levels and vault maps discovered:
D:1:      elethiomel_arrival_fortress_basement, layout_basic
D:2:      layout_rooms, ebering_ecumenical_altar_rust
D:3:      layout_loops_corners, elyvilon_altar_5, mainiacjoe_overflow_alcove_4,
          nicolae_uskayaw_suspiria, minmay_joined_circles
D:4:      layout_loops_ring, jmf_multi_god_temple2,
          mainiacjoe_overflow_boulevard, serial_bayou_crossing
D:5:      layout_rooms, kennysheep_mini, mainiacjoe_overflow_alcove_1,
          nicolae_shop_self_help
D:6:      gammafunk_cloud_chamber, layout_basic,
          mainiacjoe_overflow_divided_tiny, serial_shops, shop,
          hangedman_decor_clover_reticule

Skill      XL: |  1  2  3  4  5  6  7  8 |
---------------+-------------------------+-----
Unarmed Combat | 4 5 |  5.5
Fighting       | 4 5 7 |  7.4
Short Blades   | 1 |  1.2
Dodging        | |  1.9

Action                     |  1- 3 |  4- 6 |  7- 9 || total
---------------------------+-------+-------+-------++-------
  Melee: Unarmed           |    84 |       |       ||    84
         Short sword       |       |   194 |   111 ||   305
  Throw: Dart              |       |       |     4 ||     4
  Evoke: Wand              |       |       |     4 ||     4
         Piece from Xom's  |       |       |     6 ||     6
    Use: Potion            |       |       |     3 ||     3
   Stab: Sleeping          |       |     8 |     2 ||    10
         Invisible         |       |       |     1 ||     1
         Petrified         |       |       |     1 ||     1
         Paralysed         |       |       |     1 ||     1
 Armour: Robe              |    34 |    54 |    50 ||   138
  Dodge: Dodged            |    57 |    68 |    37 ||   162
  Block: Kite shield       |       |    64 |    28 ||    92
